 Dungeon Crawl Stone Soup version 0.18.1-47-g9310371 (webtiles) character file.

7872 Sand the Spear-Bearer (level 11, 0/72 HPs)
             Began as an Octopode Gladiator on June 17, 2016.
             Was an Elder of Yredelemnul.
             Slain by a wolf (12 damage)
             ... on level 2 of the Lair of Beasts on June 18, 2016.
             The game lasted 01:01:36 (12529 turns).

Sand the Spear-Bearer (Octopode Gladiator)         Turns: 12529, Time: 01:01:42

Health: 0/72       AC:  4    Str: 15    XL:     11   Next: 22%
Magic:  15/15      EV:  8    Int: 13    God:    Yredelemnul [****..]
Gold:   587        SH:  0    Dex: 13    Spells: 0 memorised, 10 levels left

rFire  + . .     SeeInvis .     a - +1 trident (protect)
rCold  + . .     Gourm    .     (no shield)
rNeg   + . .     Faith    .     J - -2 hat of the Alchemist {rElec rPois rF+ rC+ rN+ MR+ rMut rCorr}
rPois  +         Spirit   .     Q - amulet of dismissal
rElec  +         Dismiss  +     r - ring of flight
rCorr  +         Reflect  .     k - ring "Xaylao Qoimn" {Wiz *Drain rElec MR++ Stlth+}
rMut   +         Harm     .     (no ring)
SustAt .                        (no ring)
MR     +++..                    (no ring)
Stlth  +++.......               (no ring)
                                (no ring)
                                (no ring)

@: lethally poisoned (0 -> -8), extremely resistant to hostile enchantments,
fairly stealthy
A: almost no armour, amphibious, 8 rings, constrict 8, camouflage 1, gelatinous
body 1
a: Recall Undead Slaves, Injury Mirror, Animate Dead, Drain Life, Renounce
Religion, Evoke Flight


You were on level 2 of the Lair of Beasts.
You worshipped Yredelemnul.
Yredelemnul was greatly pleased with you.
You were not hungry.

You visited 3 branches of the dungeon, and saw 13 of its levels.

You collected 587 gold pieces.

Inventory:

Hand Weapons
 a - a +1 trident of protection (weapon)
 w - a +0 trident of freezing
Missiles
 c - 7 throwing nets
 j - 16 tomahawks (quivered)
Armour
 J - the -2 hat of the Alchemist (worn) {rElec rPois rF+ rC+ rN+ MR+ rMut rCorr}
   (You found it on level 7 of the Dungeon)

   It protects you from fire.
   It protects you from cold.
   It insulates you from electricity.
   It protects you from poison.
   It protects you from negative energy.
   It affects your resistance to hostile enchantments.
   It protects you from acid and corrosion.
   It protects you from mutation.
Jewellery
 k - the ring "Xaylao Qoimn" (right tentacle) {Wiz *Drain rElec MR++ Stlth+}
   (You acquired it on level 1 of the Lair of Beasts)

   [ring of wizardry]

   It improves your spell success rate.
   It insulates you from electricity.
   It affects your resistance to hostile enchantments.
   It causes draining when unequipped.
   It makes you more stealthy.
 r - a ring of flight (left tentacle)
 Q - an amulet of dismissal (around mantle)
 R - an uncursed amulet of magic regeneration
Wands
 u - a wand of iceblast (8/15)
 A - a wand of iceblast (13/15)
 D - a wand of polymorph (7/24)
 G - a wand of acid (9/15)
 M - a wand of slowing (28/48)
 P - a wand of flame (15/48)
 S - a wand of enslavement (13/24)
Scrolls
 h - 2 scrolls of recharging
 m - 2 scrolls of magic mapping {unknown}
 n - 7 scrolls of remove curse
 v - 2 scrolls of teleportation
 y - a scroll of blinking
 F - a scroll of holy word {unknown}
 I - a scroll of fear {unknown}
 N - a scroll of enchant weapon
Potions
 e - 2 potions of heal wounds
 f - a potion of berserk rage
 g - 4 potions of curing
 l - a potion of might
 o - a potion of invisibility {unknown}
 z - a potion of resistance {unknown}
 C - a potion of flight {unknown}
 K - a potion of haste {unknown}
 O - a potion of brilliance {unknown}
 T - a potion of cancellation {unknown}
 X - a potion of lignification {unknown}
 Y - 3 potions of agility
Comestibles
 b - 3 chunks of flesh
 d - 8 bread rations
 p - 36 fruits
 s - 5 meat rations
 E - a royal jelly


   Skills:
 - Level 5.3 Fighting
 - Level 14.5 Polearms
 - Level 2.0 Throwing
 - Level 4.0 Dodging
 + Level 6.4 Invocations


You had 10 spell levels left.
You didn't know any spells.

Dungeon Overview and Level Annotations

Branches:
Dungeon (10/15)            Temple (1/1) D:4            Lair (2/8) D:10
    Orc: D:9-12

Altars:
Ashenzari
Dithmenos
Elyvilon
Fedhas
Gozag
Kikubaaqudgha
Makhleb
Nemelex Xobeh
Okawaru
Pakellas
Ru
Sif Muna
Trog
Vehumet
Yredelemnul
The Shining One

Shops:
D:7 }   D:9 [[

Annotations:
D:6 KrisztiCat's ghost, novice GrEE


Innate Abilities, Weirdness & Mutations

You cannot wear most types of armour.
You are amphibious.
You can wear up to eight rings at the same time.
You can use your tentacles to constrict eight enemies at once.
Your skin changes colour to match your surroundings (Stealth).
Your rubbery body absorbs attacks (AC +1).


Message History

You hit the wolf. Your grab misses the wolf. You squeeze the wolf.
You kill the wolf!
Yredelemnul accepts your kill.
You can now drain ambient life force.
Yredelemnul grants you undead servants!
You climb downwards.
Your mindless thralls stay behind.
The black mamba bites you!!
You are poisoned.
The black mamba poisons you! The water moccasin bites you.
The black mamba bites you! The water moccasin barely misses you.
The wolf misses you.
The black mamba bites you but does no damage.
The spiny frog stings your flying skull!
There is a stone staircase leading up, spattered with blood here.
You feel sick. The wolf closely misses you. The water moccasin bites you!
* * * LOW HITPOINT WARNING * * *
The black mamba barely misses you.
Your flying skull hits the black mamba!
The spiny frog stings your flying skull.
The wolf bites you!
You die...
Your body rises from the dead as a mindless zombie.

.#.. .#.# .. ....
... ...#######
8.8.##...#.8.## ##
........#.Shz.#....
.>...#..+.z@.8.....
........rFS...#...#
.8.#..[.#.8.## #
.......#######
....... ...#..#
#.#... .....# ....#


You could see a black mamba, a spiny frog, a water moccasin, a wolf, a porcupine
and 2 friendly flying skulls.

Vanquished Creatures
  A hydra (Lair:1)
  Pikel (D:4)
  A deep elf mage (D:10)
  A black mamba (Lair:1)
  A spiny frog (Lair:1)
  A komodo dragon (Lair:1)
  2 steam dragons (D:10)
  A hippogriff (D:10)
  Menkaure (D:4)
  The ghost of Sand the Shooter, an amateur OpHu (D:4)
  3 water moccasins
  A porcupine (Lair:1)
  2 sky beasts
  An ice beast (D:7)
  4 slaves
  2 orc warriors (D:8)
  A phantom (D:4)
  A black bear (D:9)
  2 ogres
  2 centaurs
  2 wolves (Lair:1)
  4 crocodiles
  2 big kobolds (D:9)
  7 giant frogs
  Blork the orc (D:6)
  4 scorpions
  3 wights (D:10)
  3 killer bees (D:10)
  A jelly (D:5)
  7 howler monkeys
  2 giant frog zombies
  A centaur zombie (D:10)
  3 hounds
  A giant frog skeleton (D:4)
  2 orc priests
  2 centaur skeletons
  3 worker ants
  Natasha (thrice) (D:4)
  4 iguanas
  4 orc wizards
  2 sheep (Lair:1)
  A hound zombie (D:6)
  2 worker ant zombies
  8 gnolls
  12 adders
  10 river rats (Lair:1)
  2 shadow imps
  An ooze (D:2)
  3 adder skeletons
  3 worms (D:3)
  3 dart slugs
  2 giant geckos
  24 orcs
  6 giant cockroaches
  18 goblins
  13 hobgoblins
  18 jackals
  29 kobolds
  6 quokkas
  14 bats
  A giant cockroach zombie (D:6)
  A giant gecko skeleton (D:9)
  6 giant newts
  A goblin skeleton (D:5)
  A goblin zombie (D:5)
  4 hobgoblin zombies (D:5)
  A kobold skeleton (D:5)
  An orc skeleton (D:5)
  An orc zombie (D:5)
  7 rats
290 creatures vanquished.

Vanquished Creatures (collateral kills)
  A hippogriff (Lair:1)
  A black bear (D:8)
  An ogre (D:8)
  A crocodile (Lair:1)
  A giant frog (D:10)
  A killer bee (D:10)
  2 orc priests (D:10)
  An orc wizard (D:6)
  A worker ant (D:8)
  3 sheep (Lair:1)
  5 river rats (Lair:1)
  3 orcs
  A kobold (D:7)
22 creatures vanquished.

Vanquished Creatures (others)
  A wight (Lair:2)
  3 giant frog zombies
  A black bear zombie (D:9)
  2 crocodile zombies
  A hound zombie (D:8)
  A mummy (Lair:2)
  2 howler monkey zombies (D:7)
  A steam dragon zombie (D:10)
  An iguana zombie (Lair:1)
  3 orc zombies
  2 river rat zombies (Lair:1)
  A giant gecko zombie (D:8)
  A jackal zombie (D:7)
  3 kobold zombies
  A quokka zombie (D:8)
  A plant (Lair:1)
25 creatures vanquished.

Grand Total: 337 creatures vanquished

Notes
Turn   | Place    | Note
--------------------------------------------------------------
     0 | D:1      | Sand the Octopode Gladiator began the quest for the Orb.
     0 | D:1      | Reached XP level 1. HP: 14/14 MP: 1/1
   101 | D:1      | Reached XP level 2. HP: 13/19 MP: 2/2
   661 | D:1      | Reached skill level 4 in Polearms
  1052 | D:2      | Reached XP level 3. HP: 24/24 MP: 3/3
  1379 | D:2      | Reached XP level 4. HP: 29/29 MP: 4/4
  1514 | D:2      | Found a shadowy altar of Dithmenos.
  1725 | D:3      | Reached skill level 5 in Polearms
  2210 | D:3      | Reached XP level 5. HP: 31/34 MP: 5/5
  2619 | D:4      | Noticed Natasha
  2626 | D:4      | Killed Natasha
  2626 | D:4      | Reached skill level 6 in Polearms
  2668 | D:4      | Noticed a phantom
  2702 | D:4      | Killed a phantom
  2702 | D:4      | Reached XP level 6. HP: 33/39 MP: 6/6
  2731 | D:4      | Reached skill level 7 in Polearms
  2981 | D:4      | Found a sacrificial altar of Ru.
  2984 | D:4      | Noticed Natasha
  2998 | D:4      | Killed Natasha
  3210 | D:4      | Noticed Natasha
  3215 | D:4      | Killed Natasha
  3241 | D:4      | Noticed Sand's ghost (amateur OpHu)
  3251 | D:4      | Killed Sand's ghost
  3251 | D:4      | Reached skill level 8 in Polearms
  3251 | D:4      | Reached XP level 7. HP: 36/45 MP: 7/7
  3287 | D:4      | Found a staircase to the Ecumenical Temple.
  3290 | D:4      | Noticed Pikel
  3674 | Temple   | Entered the Ecumenical Temple
  3691 | Temple   | Became a worshipper of Yredelemnul the Dark
  3755 | D:5      | Entered Level 5 of the Dungeon
  3838 | D:4      | Killed Pikel
  3838 | D:4      | Reached skill level 10 in Polearms
  3838 | D:4      | Reached XP level 8. HP: 42/50 MP: 8/8
  4285 | D:4      | Noticed Menkaure
  4290 | D:4      | Killed Menkaure
  4454 | D:4      | Found a white marble altar of Elyvilon.
  4546 | D:5      | Found a glowing golden altar of the Shining One.
  4875 | D:5      | Reached skill level 5 in Invocations
  5208 | D:5      | Reached * piety under Yredelemnul
  5305 | D:5      | Reached XP level 9. HP: 49/54 MP: 13/13
  6025 | D:6      | Found a shattered altar of Ashenzari.
  6025 | D:6      | Found an ancient bone altar of Kikubaaqudgha.
  6102 | D:6      | Noticed KrisztiCat's ghost (novice GrEE)
  6112 | D:6      | Found an opulent altar of Gozag.
  6250 | D:6      | Noticed Blork the orc
  6266 | D:6      | Killed Blork the orc
  6266 | D:6      | Reached ** piety under Yredelemnul
  6735 | D:6      | Your ally Blork died
  7099 | D:7      | Reached skill level 5 in Fighting
  7426 | D:7      | Found Yfotull's Gadget Shop.
  7785 | D:7      | Found a bloodstained altar of Trog.
  8159 | D:8      | Reached *** piety under Yredelemnul
  8170 | D:8      | Reached skill level 11 in Polearms
  8305 | D:8      | Found an oddly glowing altar of Pakellas.
  8443 | D:8      | Reached XP level 10. HP: 38/66 MP: 14/14
  8990 | D:8      | Reached skill level 12 in Polearms
  9498 | D:9      | Found Zotorykh's Antique Armour Boutique.
  9801 | D:9      | Found Dapejar's Armour Emporium.
  9905 | D:10     | Entered Level 10 of the Dungeon
  9934 | D:10     | Noticed a deep elf mage
 10014 | D:10     | Killed a deep elf mage
 10347 | D:10     | Reached skill level 13 in Polearms
 10749 | D:10     | Found a staircase to the Lair.
 11341 | D:10     | Received a gift from Yredelemnul
 11449 | Lair:1   | Entered Level 1 of the Lair of Beasts
 11516 | Lair:1   | Noticed a black mamba
 11534 | Lair:1   | Killed a black mamba
 11750 | Lair:1   | Noticed a spiny frog
 11759 | Lair:1   | Reached skill level 14 in Polearms
 11773 | Lair:1   | Killed a spiny frog
 11773 | Lair:1   | Reached XP level 11. HP: 62/72 MP: 15/15
 11773 | Lair:1   | Received a gift from Yredelemnul
 11830 | Lair:1   | Noticed a four-headed hydra
 11843 | Lair:1   | Killed a four-headed hydra
 12039 | Lair:1   | Identified a scroll of acquirement
 12040 | Lair:1   | Got a sparkling silver ring
 12041 | Lair:1   | Identified the ring "Xaylao Qoimn" {Wiz *Drain rElec MR++ Stlth+} (You acquired it on level 1 of the Lair of Beasts)
 12526 | Lair:1   | Reached **** piety under Yredelemnul
 12526 | Lair:1   | Received a gift from Yredelemnul
 12529 | Lair:2   | Slain by a wolf

Skill      XL: |  1  2  3  4  5  6  7  8  9 10 11 |
---------------+----------------------------------+-----
Polearms       | 4 5 6 8 10 11 14 | 14.5
Invocations    | 5 6 |  6.4
Fighting       | 5 |  5.3
Dodging        | 4 |  4.0
Throwing       | |  2.0

Action                   |  1- 3 |  4- 6 |  7- 9 | 10-12 || total
-------------------------+-------+-------+-------+-------++-------
Melee: Trident           |    92 |   116 |   472 |   315 ||   995
       Constrict         |     9 |    20 |    73 |    42 ||   144
       Tentacles         |    10 |    15 |    65 |    49 ||   139
 Fire: Hunting sling     |       |    24 |    56 |    36 ||   116
Throw: Throwing net      |       |       |     2 |     1 ||     3
       Tomahawk          |       |       |       |     1 ||     1
Invok: Animate Remains   |       |       |    10 |       ||    10
       Animate Dead      |       |       |     3 |    21 ||    24
       Recall Undead Sla |       |       |       |     5 ||     5
  Use: Potion            |       |     1 |       |       ||     1
       Scroll            |       |       |    11 |     5 ||    16
 Stab: Sleeping          |     5 |    10 |    18 |     5 ||    38
       Held in net/web   |       |       |     1 |       ||     1
       Distracted        |       |       |     2 |     2 ||     4
  Eat: Chunk             |     1 |     5 |     9 |     7 ||    22
       Beef jerky        |       |     1 |     2 |     1 ||     4
       Bread ration      |       |       |     1 |     1 ||     2
       Fruit             |       |       |     1 |     3 ||     4
Armor: Skin              |     6 |     2 |    61 |    20 ||    89
Dodge: Dodged            |    41 |    44 |   140 |    89 ||   314
